 Dungeon Crawl Stone Soup version 0.28-a0-1389-gc726bef (webtiles) character file.

Game seed: 13168683059208795867

1486 Illumine the Conjurer (level 8, -3/45 HPs)
             Began as a Deep Elf Conjurer on Jan 3, 2022.
             Slain by Duvessa (6 damage)
             ... on level 5 of the Dungeon.
             The game lasted 00:10:46 (4705 turns).

Illumine the Conjurer (Deep Elf Conjurer)           Turns: 4705, Time: 00:10:46

Health: -3/45      AC:  3    Str:  4    XL:     8   Next: 50%
Magic:  2/19       EV: 13    Int: 26    God:
Gold:   213        SH:  0    Dex: 13    Spells: 9/20 levels left

rFire   . . .      SeeInvis .   (no weapon)
rCold   . . .      Faith    .   (no shield)
rNeg    . . .      Spirit   .   a - +0 robe
rPois   .          Reflect  .   (no helmet)
rElec   .          Harm     .   (no cloak)
rCorr   .          Rampage  .   n - +0 pair of gloves
Will    .....                   (no boots)
Stlth   ++........              (no amulet)
HPRegen 0.15/turn               q - ring of flight
MPRegen 0.16/turn               (no ring)

@: flying
A: no striking features
a: no special abilities


You were on level 5 of the Dungeon.
You visited 1 branch of the dungeon, and saw 5 of its levels.

You collected 213 gold pieces.

Inventory:

Hand Weapons
 c - a +0 dagger of venom
Armour
 a - a +0 robe (worn)
 n - a +0 pair of gloves (worn)
Jewellery
 q - a ring of flight (left hand)
Wands
 h - a wand of flame (49)
Scrolls
 b - 2 scrolls of magic mapping {unknown}
 d - a scroll of immolation
 f - a scroll of summoning {unknown}
 g - 3 scrolls of identify
 j - a scroll of holy word {unknown}
 k - a scroll of teleportation {unknown}
 l - a scroll of fog {unknown}
Potions
 e - a potion of might {unknown}
 i - 5 potions of curing
 m - a potion of lignification {unknown}
 o - a potion of ambrosia {unknown}
 p - a potion of degeneration {unknown}


   Skills:
 + Level 2.3 Fighting
 + Level 4.4 Dodging
 - Level 2.4 Stealth
 * Level 6.6 Spellcasting
 + Level 6.8 Conjurations
 - Level 5.1 Hexes
 - Level 5.2 Translocations
 + Level 2.6 Evocations


You had 9 spell levels left.
You knew the following spells:

 Your Spells              Type           Power      Damage    Failure   Level
a - Magic Dart            Conj           100%       1d8       1%          1
b - Searing Ray           Conj           88%        2d7       1%          2
c - Fulminant Prism       Conj/Hex       19%        3d11      5%          4
d - Iskenderun's Mystic   Conj/Tloc      39%        2d9       5%          4

Your spell library contained the following spells:

 Spells                   Type           Power      Damage    Failure   Level
 Dazzling Flash           Conj/Hex       78%        N/A       1%          3


Dungeon Overview and Level Annotations

Branches:
Dungeon (5/15)             Temple (0/1) D:5

Altars:

Annotations:
D:5 Duvessa


Message History

Casting: Fulminant Prism (dangerous; 6% risk of failure)
Confirm with . or Enter, or press ? or * to list all spells.
Okay, then.
Aiming: Throw Flame
Press: ? - help, Shift-Dir - straight line, f - Duvessa
Aim: Duvessa, wielding a +0 short sword and wearing a +3 chain mail of fire resistance (moderately wounded, berserk, 83% to hit)
The puff of flame hits Duvessa.
Duvessa resists.
Duvessa is moderately wounded.
Unknown command.
Okay, then.
As you read the scroll labelled COZOPP ESHRED, it crumbles to dust.
It is a scroll of identify.
i - 5 potions of curing Duvessa rages.
Casting: Fulminant Prism (dangerous; 6% risk of failure)
Confirm with . or Enter, or press ? or * to list all spells.
Aiming: Searing Ray (safe; 1% risk of failure)
Press: ? - help, Shift-Dir - straight line, f - water moccasin
Aim: a water moccasin (almost dead, 70% to hit)
The searing ray hits the water moccasin!
You kill the water moccasin!
The searing ray hits the water moccasin!
You kill the water moccasin!
The searing ray hits the bullfrog zombie.
The bullfrog zombie is lightly damaged. (Press . to maintain the ray.)
You hear a shout!
The searing ray misses Duvessa.
The searing ray hits the bullfrog zombie!
The bullfrog zombie is heavily damaged.
Duvessa barely misses you. Duvessa closely misses you.
Found 14 gold pieces.
Duvessa hits you with a +0 short sword! Duvessa barely misses you.
Duvessa rages.
Duvessa hits you with a +0 short sword!
Duvessa rages.
Duvessa hits you with a +0 short sword!
* * * LOW HITPOINT WARNING * * *
Duvessa hits you with a +0 short sword.
You die...

.....#.>.#.>.# ###.#####
.#..##.......###........
<....#########......#
...###........†.....#
.### #.#.....##.##.# ..#
#.#........##.# ..#
#.#.......###.# ..#
#.#.....#.###.#
..#####.#.#.....@eZ.#
.......)))...##.##.....#
........#.#..##.##.....#
....S.....#..##........#
........###..#####.....#
........# ##.# #.....#
..####.... ..# #######
..# ###### .# .. .#


You could see Duvessa (berserk) and a bullfrog zombie.

Vanquished Creatures
  Edmund (D:4)
  2 water moccasins (D:5)
  A sky beast (D:5)
  A necrophage (D:4)
  A black bear (D:4)
  5 ogres
  Blork the orc (D:5)
  A scorpion (D:4)
  Dowan (D:5)
  An orc priest (D:3)
  A gnoll shaman (D:5)
  A jelly (D:4)
  A killer bee zombie (D:5)
  A hound skeleton (D:5)
  5 adders
  3 gnolls (D:5)
  An adder skeleton (D:4)
  2 worms
  4 dart slugs
  5 orcs
  9 endoplasms
  3 giant cockroaches
  10 goblins
  4 hobgoblins
  3 jackals (D:1)
  2 kobolds
  5 quokkas
  7 ball pythons
  4 bats
  3 frilled lizards
  8 rats
97 creatures vanquished.

Vanquished Creatures (others)
  14 fulminant prisms
14 creatures vanquished.

Grand Total: 111 creatures vanquished

Notes
Turn   | Place    | Note
-------+----------+-------------------------------------------
     0 | D:1      | Illumine the Deep Elf Conjurer began the quest for the Orb.
     0 | D:1      | Reached XP level 1. HP: 10/10 MP: 6/6
   161 | D:1      | Found a faded altar of an unknown god.
   164 | D:1      | Reached XP level 2. HP: 15/15 MP: 5/8
   175 | D:1      | Learned a level 2 spell: Searing Ray
   227 | D:1      | Reached skill level 5 in Conjurations
   719 | D:1      | Reached XP level 3. HP: 19/19 MP: 6/9
  2050 | D:3      | Reached XP level 4. HP: 24/24 MP: 8/12
  2107 | D:3      | Learned a level 4 spell: Fulminant Prism
  2112 | D:3      | Learned a level 4 spell: Iskenderun's Mystic Blast
  2201 | D:3      | Noticed an ogre
  2207 | D:3      | Killed an ogre
  2208 | D:3      | Reached XP level 5. HP: 16/28 MP: 4/13
  2870 | D:4      | Noticed an ogre
  2870 | D:4      | Noticed a necrophage
  2933 | D:4      | Noticed an ogre
  2994 | D:4      | Noticed Edmund
  3112 | D:4      | Reached XP level 6. HP: 22/32 MP: 6/14
  3345 | D:4      | Reached skill level 5 in Hexes
  3473 | D:4      | Killed Edmund
  3474 | D:4      | Reached XP level 7. HP: 9/37 MP: 1/15
  3529 | D:4      | Reached skill level 1 in Fighting
  3916 | D:4      | Reached skill level 1 in Evocations
  4126 | D:5      | Entered Level 5 of the Dungeon
  4133 | D:5      | Noticed Blork the orc
  4138 | D:5      | Killed Blork the orc
  4139 | D:5      | Reached skill level 5 in Spellcasting
  4254 | D:5      | Noticed Dowan
  4265 | D:5      | Killed Dowan
  4266 | D:5      | Reached skill level 5 in Translocations
  4266 | D:5      | Reached XP level 8. HP: 26/43 MP: 5/17
  4270 | D:5      | Noticed Duvessa
  4503 | D:5      | Found a staircase to the Ecumenical Temple.
  4705 | D:5      | Slain by Duvessa

Illustrated notes

Levels and vault maps discovered:
D:1:      lightli_arrival_quake, layout_loops_ring,
          hellmonk_ecumenical_altar_dog_temple, minmay_vboxes
D:2:      layout_basic, interstate_on_off
D:3:      layout_basic, grunt_decor_clamped, kennysheep_generic_room_3
D:4:      layout_cave_pools, uniq_edmund
D:5:      layout_loops_cross, hangedman_ru_absence,
          minmay_temple_entry_from_below_a, uniq_blork_the_orc, uniq_duvessa

Skill      XL: |  1  2  3  4  5  6  7  8 |
---------------+-------------------------+-----
Conjurations   | 5 6 |  6.8
Spellcasting   | 4 5 6 |  6.6
Hexes          | 2 3 5 |  5.1
Translocations | 2 3 4 5 |  5.2
Fighting       | 1 2 |  2.3
Dodging        | 3 4 |  4.4
Evocations     | 1 2 |  2.6
Stealth        | |  2.4

Action                   |  1- 3 |  4- 6 |  7- 9 || total
-------------------------+-------+-------+-------++-------
 Cast: Magic Dart        |    74 |    45 |    14 ||   133
       Searing Ray       |     1 |    12 |    10 ||    23
       Fulminant Prism   |       |     4 |    10 ||    14
Evoke: Wand              |       |       |     1 ||     1
  Use: Scroll            |     1 |       |     1 ||     2
Armor: Robe              |       |       |     2 ||     2
Dodge: Dodged            |     2 |     7 |    10 ||    19

Table legend: (Time is in decaauts)
 A = Elapsed time spent in this place.
 B = Non-inter-level travel time spent in this place.
 C = Inter-level travel time spent in this place.
 D = Time resting spent in this place.
 E = Time spent auto-exploring this place.
 F = Levels seen in this place.
 G = Mean time per level.
                   A        B        C        D        E       F      G
               +--------+--------+--------+--------+--------+-----+--------+
         Total |   4710 |   4457 |    253 |    894 |   2966 |   5 |  942.0 |
       Dungeon |   4710 |   4457 |    253 |    894 |   2966 |   5 |  942.0 |
               +--------+--------+--------+--------+--------+-----+--------+

Top non-repeatable levels by time:
     D:4: 1190 daAuts
     D:3: 1114 daAuts
     D:1: 1002 daAuts
     D:2: 992 daAuts
     D:5: 409 daAuts
